 Dungeon Crawl Stone Soup version 0.28-a0-1374-ga75cb3825e (webtiles) character file.

Game seed: 13278367969157475761

161 snetch the Chopper (level 5, -1/70 HPs)
             Began as a Minotaur Berserker on Dec 31, 2021.
             Was a Priest of Trog.
             Succumbed to a gnoll's poison
             ... on level 3 of the Dungeon.
             The game lasted 00:06:05 (3153 turns).

snetch the Chopper (Minotaur Berserker)             Turns: 3153, Time: 00:06:06

Health: -1/70      AC:  5    Str: 24    XL:     5   Next: 18%
Magic:  4/4        EV: 11    Int:  4    God:    Trog [***...]
Gold:   101        SH:  0    Dex:  9    Spells: 4/4 levels left

rFire   . . .      SeeInvis .   q - +0 flail
rCold   . . .      Faith    .   (no shield)
rNeg    . . .      Spirit   .   r - +0 ring mail
rPois   .          Reflect  .   (helmet restricted)
rElec   .          Harm     .   (no cloak)
rCorr   .          Rampage  .   (no gloves)
Will    .....                   (no boots)
Stlth   ..........              (no amulet)
HPRegen 0.21/turn               (no ring)
MPRegen 0.09/turn               (no ring)

@: berserking, lethally poisoned (-1 -> -29), very quick
A: horns 2, retaliatory headbutt
a: Renounce Religion, Berserk, Trog's Hand


You were on level 3 of the Dungeon.
You worshipped Trog.
Trog was most pleased with you.
You visited 1 branch of the dungeon, and saw 5 of its levels.

You collected 101 gold pieces.

Inventory:

Hand Weapons
 a - a +0 hand axe
 q - a +0 flail (weapon)
Missiles
 e - 2 boomerangs
 f - 12 stones
 j - 39 arrows
 l - 20 bolts
 s - 4 poisoned darts (quivered)
Armour
 r - a +0 ring mail (worn)
Wands
 g - a wand of flame (19)
 n - a wand of iceblast (9)
 o - a wand of acid (7)
Scrolls
 c - 6 scrolls of identify {unknown}
 d - 2 scrolls of teleportation {unknown}
 i - a scroll of fear {unknown}
 m - a scroll of magic mapping {unknown}
Potions
 b - a potion of attraction {unknown}
 h - 2 potions of curing {unknown}
 k - 2 potions of haste {unknown}
 p - a potion of mutation {unknown}


   Skills:
 + Level 4.7 Fighting
 + Level 5.1 Axes
 + Level 0.3(3.1) Maces & Flails
 + Level 3.1 Armour
 + Level 3.0 Dodging
 + Level 1.2 Stealth


You had 4 spell levels left.
You didn't know any spells.
Your spell library contained the following spells:

 Spells                   Type           Power      Damage    Failure   Level
 Tukima's Dance           Hex            0%         N/A       95%         3
 Passage of Golubria      Tloc           0%         N/A       100%        4
 Yara's Violent Unravell  Hex/Tmut       0%         3d3       100%        5


Dungeon Overview and Level Annotations

Branches:
Dungeon (5/15)
 Temple: D:4-7

Altars:


Innate Abilities, Weirdness & Mutations

You have a pair of horns on your head.
You reflexively headbutt those who attack you in melee.


Message History

The quokka bites you.
The gnoll hits you with a +1 flail of distortion.
Space warps horribly around you! The quokka barely misses you.
The gnoll hits you with a +2 spear of venom.
Press: ? - help, v - describe, . - travel
Here: a gnoll, wielding a +2 spear of venom The floor.
Unknown command.
You closely miss the gnoll. Your headbutt misses the gnoll.
You feel sick. The gnoll barely misses you. The quokka closely misses you.
You furiously retaliate!
You headbutt the quokka!
You kill the quokka!
Trog accepts your kill.
Unknown command.
You hit the gnoll.
The gnoll is heavily wounded.
You feel sick.
You are no longer poisoned.
The gnoll hits you with a +2 spear of venom.
* * * LOW HITPOINT WARNING * * *
You are poisoned.
The gnoll closely misses you.
You hit the gnoll.
The gnoll is heavily wounded.
You feel sick.
The gnoll hits you with a +2 spear of venom.
* * * LOW HITPOINT WARNING * * *
You are lethally poisoned!
The gnoll misses you.
You barely miss the gnoll.
The gnoll is heavily wounded.
* * * LOW HITPOINT WARNING * * *
You feel very sick.
The gnoll hits you with a +2 spear of venom.
* * * LOW HITPOINT WARNING * * *
You are more poisoned.
The gnoll closely misses you.
You barely miss the gnoll. Your headbutt misses the gnoll.
The gnoll is heavily wounded.
You die...

.........## ...
#.........## #.#
...##.#.#..##### #.#
...##....#...... #.#
....###......#######.##
#...).#...............#
#..#...†..............#
...........)##.g......#
##..####..).....@.....#
##...........#.†g.....#
......##.###..........#
..##...... #..........#
#.............#.####.##
#.............#.# #.#
..............#.# #.#
....... ...##...# ..
... #.


You could see 2 gnolls.

Vanquished Creatures
  3 gnolls (D:3)
  4 adders (D:2)
  3 worms (D:3)
  4 dart slugs
  5 orcs (D:3)
  3 ball pythons
  6 endoplasms
  6 giant cockroaches
  4 goblins
  8 hobgoblins
  3 quokkas
  9 bats
  3 frilled lizards
  3 kobolds
  10 rats
74 creatures vanquished.

Notes
Turn   | Place    | Note
-------+----------+-------------------------------------------
     0 | D:1      | snetch the Minotaur Berserker began the quest for the Orb.
     0 | D:1      | Reached XP level 1. HP: 19/19 MP: 0/0
   233 | D:1      | Reached skill level 4 in Axes
   233 | D:1      | Reached XP level 2. HP: 23/27 MP: 1/1
   656 | D:1      | Found a faded altar of an unknown god.
   707 | D:2      | Reached ** piety under Trog
   731 | D:2      | Reached XP level 3. HP: 13/33 MP: 2/2
  1144 | D:5      | Entered Level 5 of the Dungeon
  1602 | D:2      | Reached XP level 4. HP: 40/41 MP: 3/3
  2293 | D:2      | Reached skill level 1 in Stealth
  2427 | D:3      | Reached skill level 5 in Axes
  2761 | D:3      | Reached *** piety under Trog
  2911 | D:3      | Reached XP level 5. HP: 39/47 MP: 4/4
  3143 | D:4      | Noticed a lemure
  3143 | D:4      | Noticed a lemure
  3144 | D:4      | Noticed a lemure
  3144 | D:4      | Noticed a lemure
  3153 | D:3      | Succumbed to a gnoll's poison

Illustrated notes

Levels and vault maps discovered:
D:1:      giann_wishing_wells, layout_loops_corners,
          shapermc_ecumenical_altar_petra
D:2:      layout_basic, roderic_malta_cross
D:3:      layout_rooms
D:4:      layout_layer_cave, uniq_crazy_yiuf_cottage, uniq_robin, uniq_menkaure,
          uniq_pikel, uniq_blork_the_orc
D:5:      layout_basic, uniq_ijyb, uniq_eustachio, uniq_sigmund

Skill      XL: |  1  2  3  4  5 |
---------------+----------------+-----
Axes           | 4 5 |  5.1
Fighting       | 4 |  4.7
Stealth        | 1 |  1.2
Armour         | 3 |  3.1
Dodging        | 3 |  3.0
Maces & Flails | |  0.3

Action                   |  1- 3 |  4- 6 || total
-------------------------+-------+-------++-------
Melee: Hand axe          |    80 |    41 ||   121
       Headbutt          |    17 |    13 ||    30
       Flail             |       |    34 ||    34
Invok: Berserk           |       |     1 ||     1
 Stab: Sleeping          |     1 |     2 ||     3
Armor: Leather armour    |     9 |     7 ||    16
       Animal skin       |     2 |       ||     2
       Ring mail         |       |     8 ||     8
Dodge: Dodged            |    53 |    55 ||   108

Table legend: (Time is in decaauts)
 A = Elapsed time spent in this place.
 B = Non-inter-level travel time spent in this place.
 C = Inter-level travel time spent in this place.
 D = Time resting spent in this place.
 E = Time spent auto-exploring this place.
 F = Levels seen in this place.
 G = Mean time per level.
                   A        B        C        D        E       F      G
               +--------+--------+--------+--------+--------+-----+--------+
         Total |   3175 |   3113 |     62 |    449 |   1980 |   5 |  635.0 |
       Dungeon |   3175 |   3113 |     62 |    449 |   1980 |   5 |  635.0 |
               +--------+--------+--------+--------+--------+-----+--------+

Top non-repeatable levels by time:
     D:2: 1146 daAuts
     D:1: 1026 daAuts
     D:3: 968 daAuts
     D:4: 29 daAuts
     D:5: 3 daAuts
